 Dungeon Crawl Stone Soup version 0.29-a0-872-g797fff5ad1 (webtiles) character file.

Game seed: 17632049323438597473

100 raph the Firebug (level 4, 0/24 HPs)
             Began as a Deep Elf Fire Elementalist on July 18, 2022.
             Was an Initiate of Elyvilon.
             Slain by an orc
             ... wielding a +0 whip
              (4 damage)
             ... on level 3 of the Dungeon.
             The game lasted 00:03:59 (2632 turns).

raph the Firebug (Deep Elf Fire Elementalist)       Turns: 2632, Time: 00:04:00

Health: 0/24       AC:  3    Str:  5    XL:     4   Next: 46%
Magic:  11/11      EV: 12    Int: 22    God:    Elyvilon [......]
Gold:   110        SH:  3    Dex: 15    Spells: 4/10 levels left

rFire   . . .      SeeInvis .   e - +0 short sword
rCold   . . .      Faith    .   j - +0 buckler
rNeg    . . .      Spirit   .   a - +0 robe
rPois   .          Reflect  .   h - +0 helmet
rElec   .          Harm     .   (no cloak)
rCorr   .          Rampage  .   (no gloves)
Will    .....                   (no boots)
Stlth   ++........              (no amulet)
HPRegen 0.08/turn               (no ring)
MPRegen 0.12/turn               (no ring)

@: no status effects
A: no striking features
a: Renounce Religion


You were on level 3 of the Dungeon.
You worshipped Elyvilon.
Elyvilon was noncommittal.
You visited 1 branch of the dungeon, and saw 3 of its levels.

You collected 110 gold pieces.

Inventory:

Hand Weapons
 e - a +0 short sword (weapon)
 i - a +1 vampiric short sword
Missiles
 f - 6 poisoned darts
Armour
 a - a +0 robe (worn)
 h - a +0 helmet (worn)
 j - a +0 buckler (worn)
Jewellery
 c - an amulet of guardian spirit
Potions
 b - 2 potions of magic
 d - a potion of curing
 g - a potion of lignification {unknown}
 k - a potion of attraction {unknown}
 m - a potion of heal wounds {unknown}


   Skills:
 + Level 3.0 Dodging
 + Level 3.1 Stealth
 + Level 3.7 Spellcasting
 * Level 2.8 Conjurations
 * Level 4.1 Fire Magic


You had 4 spell levels left.
You knew the following spells:

 Your Spells              Type           Power      Damage    Failure   Level
a - Foxfire               Conj/Fire      76%        2x1d7     3%          1
b - Scorch                Fire           44%        2d7       4%          2
c - Conjure Flame         Conj/Fire      19%        6-21      11%         3

Your spell library contained the following spells:

 Spells                   Type           Power      Damage    Failure   Level
 Inner Flame              Hex/Fire       13%        N/A       21%         3
 Dazzling Flash           Conj/Hex       20%        N/A       26%         3
 Flame Wave               Conj/Fire      19%        2d6       36%         4
 Gell's Gravitas          Tloc           4%         N/A       43%         3
 Teleport Other           Tloc           4%         N/A       43%         3
 Iskenderun's Mystic Bla  Conj/Tloc      10%        2d4       65%         4
 Starburst                Conj/Fire      9%         6d5       99%         6
 Dispersal                Tloc           2%         N/A       100%        6


Dungeon Overview and Level Annotations

Branches:
Dungeon (3/15)

Altars:
Elyvilon
Fedhas


Message History

The orc barely misses your foxfire.
Casting: Foxfire (safe; 3% risk of failure)
Confirm with . or Enter, or press ? or * to list all spells.
You conjure some foxfire!
The foxfire hits the orc but does no damage.
The orc is almost dead.
The foxfire hits the orc but does no damage.
An orc comes into view. It is wielding a +0 short sword.
The orc hits you with a +0 whip. The orc hits you with a +0 hand axe.
Your foxfire dissipates!
The foxfire hits the orc but does no damage.
The orc is almost dead.
Casting: Foxfire (safe; 3% risk of failure)
Confirm with . or Enter, or press ? or * to list all spells.
You don't know that spell.
Okay, then.
Okay, then.
Casting: Foxfire (safe; 3% risk of failure)
Confirm with . or Enter, or press ? or * to list all spells.
You conjure some foxfire!
The orc hits you with a +0 whip.
* * * LOW HITPOINT WARNING * * *
The orc hits you with a +0 hand axe.
* * * LOW HITPOINT WARNING * * *
The orc hits your foxfire with a +0 hand axe.
The orc attacks as you move away! The orc hits you with a +0 whip.
* * * LOW HITPOINT WARNING * * *
The foxfire hits the orc but does no damage.
The orc is almost dead.
The foxfire hits the orc but does no damage.
The orc is almost dead.
The orc attacks as you move away! The orc hits you but does no damage.
The orc attacks as you move away! You block the orc's attack.
The orc attacks as you move away! The orc barely misses you.
The orc attacks as you move away! The orc hits you with a +0 whip.
* * * LOW HITPOINT WARNING * * *
You aren't carrying any scrolls.
The orc attacks as you move away! The orc misses you.
Magic courses through your body. The orc completely misses you.
The orc attacks as you move away! The orc hits you with a +0 whip.
You die...

##.#.#.# ####### #.#.#.# #.....#
#...#.# #.###.##
#######..#.###############.#.....
....................o......>.....
########'#######o#########.#.....
#..†....# #...........#.....
+.......# #oo.........#.....
#.......# #@..........##....
####'######..)........##.)..
#.........#..........###.)..
#.........#..........# #....
#.........#.#####+#######.##
#.........#.# #.o.o...#
#.........#.# #o#######
######..###.# #. ##.## #o


You could see 3 orcs.

Vanquished Creatures
  3 adders
  2 worms
  5 orcs
  3 ball pythons
  4 endoplasms
  4 giant cockroaches
  4 goblins
  6 hobgoblins
  4 jackals (D:1)
  3 quokkas
  9 bats
  6 kobolds
  3 rats
56 creatures vanquished.

Vanquished Creatures (others)
  179 foxfires
179 creatures vanquished.

Grand Total: 235 creatures vanquished

Notes
Turn   | Place    | Note
-------+----------+-------------------------------------------
     0 | D:1      | raph the Deep Elf Fire Elementalist began the quest for the
                  | Orb.
     0 | D:1      | Reached XP level 1. HP: 10/10 MP: 6/6
   272 | D:1      | Reached XP level 2. HP: 15/15 MP: 4/8
  1225 | D:1      | Learned a level 2 spell: Scorch
  1365 | D:2      | Reached XP level 3. HP: 19/19 MP: 9/9
  1369 | D:2      | Learned a level 3 spell: Conjure Flame
  1896 | D:2      | Reached skill level 4 in Fire Magic
  1896 | D:2      | Reached XP level 4. HP: 23/24 MP: 7/11
  2237 | D:3      | Found a white marble altar of Elyvilon.
  2259 | D:3      | Became a worshipper of Elyvilon the Healer
  2470 | D:3      | Found a blossoming altar of Fedhas.
  2632 | D:3      | Slain by an orc

Illustrated notes

Levels and vault maps discovered:
D:1:      lightli_arrival_farm, layout_rooms, minmay_cut_off
D:2:      layout_rooms, minmay_misc_feat_tiny, guppyfry_early_orc_mine
D:3:      layout_basic, fedhas_altar_4, mainiacjoe_overflow_small_starburst

Skill      XL: |  1  2  3  4 |
---------------+-------------+-----
Conjurations   | 2 |  2.8
Stealth        | 3 |  3.1
Fire Magic     | 4 |  4.1
Dodging        | 3 |  3.0
Spellcasting   | |  3.7

Action                   |  1- 3 |  4- 6 || total
-------------------------+-------+-------++-------
Melee: Unarmed           |     2 |       ||     2
       Short sword       |     9 |       ||     9
 Cast: Foxfire           |    78 |    31 ||   109
       Scorch            |     2 |     5 ||     7
  Use: Scroll            |     3 |     2 ||     5
       Potion            |       |     1 ||     1
 Stab: Sleeping          |     1 |       ||     1
Armor: Robe              |     7 |     6 ||    13
Dodge: Dodged            |    23 |    15 ||    38
Block: Buckler           |     1 |     2 ||     3

Table legend: (Time is in decaauts)
 A = Elapsed time spent in this place.
 B = Non-inter-level travel time spent in this place.
 C = Inter-level travel time spent in this place.
 D = Time resting spent in this place.
 E = Time spent auto-exploring this place.
 F = Levels seen in this place.
 G = Mean time per level.
                   A        B        C        D        E       F      G
               +--------+--------+--------+--------+--------+-----+--------+
         Total |   2654 |   2584 |     70 |    416 |   1732 |   3 |  884.7 |
       Dungeon |   2654 |   2584 |     70 |    416 |   1732 |   3 |  884.7 |
               +--------+--------+--------+--------+--------+-----+--------+

Top non-repeatable levels by time:
     D:1: 1347 daAuts
     D:2: 895 daAuts
     D:3: 411 daAuts
